 Dungeon Crawl Stone Soup version 0.19-a0-1223-gf83d13a (webtiles) character file.

203 aronpayne the Magician (level 5, -4/28 HPs)
             Began as a Deep Elf Air Elementalist on Aug 24, 2016.
             Slain by aronpayne's ghost (12 damage)
             ... on level 3 of the Dungeon.
             The game lasted 00:13:33 (2629 turns).

aronpayne the Magician (Deep Elf Air Elementalist)  Turns: 2629, Time: 00:13:34

Health: -4/28      AC:  3    Str:  5    XL:     5   Next: 51%
Magic:  1/13       EV: 14    Int: 21    God:
Gold:   153        SH:  0    Dex: 15    Spells: 4 memorised, 4 levels left

rFire  . . .     SeeInvis .     p - +0 dagger (elec)
rCold  . . .     Gourm    .     a - +0 robe
rNeg   . . .     Faith    .     (no shield)
rPois  .         Spirit   .     (no helmet)
rElec  .         Dismiss  +     (no cloak)
rCorr  .         Reflect  .     w - +0 pair of gloves
MR     .....     Harm     .     (no boots)
Stlth  ++........               d - amulet of dismissal
                                (no ring)
                                (no ring)

@: no status effects
A: no striking features
a: no special abilities


You were on level 3 of the Dungeon.
You were not hungry.

You visited 1 branch of the dungeon, and saw 3 of its levels.

You collected 153 gold pieces.

Inventory:

Hand Weapons
 p - a +0 dagger of electrocution (weapon)
Missiles
 q - 6 tomahawks of returning (quivered)
Armour
 a - a +0 robe (worn)
 w - a +0 pair of gloves (worn)
Jewellery
 d - an amulet of dismissal (around neck)
 h - an uncursed amulet of harm {unknown}
 s - a cursed ring of stealth {unknown}
Scrolls
 e - a scroll of remove curse {unknown}
 i - 5 scrolls of identify {unknown}
 j - 2 scrolls of teleportation {unknown}
 l - a scroll of enchant armour {unknown}
 m - 2 scrolls of recharging {unknown}
 n - a scroll of magic mapping {unknown}
 o - a scroll of noise {unknown}
 u - 3 scrolls of enchant weapon {unknown}
 y - a scroll of blinking {unknown}
Potions
 g - 3 potions of might {unknown}
 k - a potion of ambrosia {unknown}
 t - 2 potions of lignification {unknown}
 z - a potion of agility {unknown}
Books
 b - a book of Air

   Spells                             Type                      Level
   a - Shock                          Conjuration/Air              1
   b - Swiftness                      Charms/Air                   2
   c - Repel Missiles                 Charms/Air                   2
   d - Static Discharge               Conjuration/Air              3
   e - Lightning Bolt                 Conjuration/Air              5
Comestibles
 c - 2 bread rations
 f - 2 meat rations
 r - a chunk of flesh
 v - 4 fruits
 x - a beef jerky


   Skills:
 - Level 1.2 Short Blades
 - Level 1.2 Throwing
 + Level 3.8 Dodging
 + Level 3.5 Stealth
 + Level 4.2 Spellcasting
 + Level 2.7 Conjurations
 + Level 3.5 Air Magic


You had 4 spell levels left.
You knew the following spells:

 Your Spells              Type           Power        Failure   Level  Hunger
a - Shock                 Conj/Air       ###.         3%          1    None
b - Swiftness             Chrm/Air       ##......     12%         2    #......
c - Repel Missiles        Chrm/Air       ##....       12%         2    #......
d - Static Discharge      Conj/Air       ###.....     12%         3    ###....


Dungeon Overview and Level Annotations

Branches:
Dungeon (3/15)

Altars:
Ru

Annotations:
D:3 aronpayne's ghost, amateur FoFi


Message History

Aim: aronpayne's ghost (lightly damaged)
The zap hits aronpayne's ghost.
Aronpayne's ghost is lightly damaged.
Aronpayne's ghost hits you!
You hit aronpayne's ghost but do no damage.
There is a sudden explosion of sparks!
Aronpayne's ghost is heavily damaged.
Aronpayne's ghost hits you!
* * * LOW HITPOINT WARNING * * *
You hit aronpayne's ghost but do no damage.
There is a sudden explosion of sparks!
Aronpayne's ghost is almost destroyed.
Aronpayne's ghost misses you.
You hit aronpayne's ghost but do no damage.
Aronpayne's ghost is almost destroyed.
Aronpayne's ghost misses you.
You hit aronpayne's ghost.
Aronpayne's ghost is almost destroyed.
Aronpayne's ghost hits you!
You die...

#.# #>..# #.# #...# #.#
####...###.. . #.#
#......'.... .. ##.# #.##...##
.)? ...###############.......#
..)#
...........÷.....#..####.#
....#
################.#..##...##..#
#.....÷[..## ##@#.<##....).#
#.##...>...# #.W...##...[###
#.##.#####.###..#.###....#
##.#.....##...#....# #....+
...#.#.#####.....#####....#
...#.#.# #...............#
...#.#.# #...#.....#.####....
.......# ##..#.....#.# ....
..####.########.....### ....


You could see aronpayne's ghost.

Vanquished Creatures
  Natasha (thrice) (D:2)
  5 adders
  4 worms
  2 dart slugs (D:1)
  A giant gecko (D:2)
  5 orcs (D:3)
  11 bats
  6 goblins
  8 hobgoblins
  4 jackals (D:3)
  2 ball pythons
  2 giant newts
  8 kobolds
  A quokka skeleton (D:2)
  4 rats
66 creatures vanquished.

Notes
Turn   | Place    | Note
-------+----------+-------------------------------------------
     0 | D:1      | aronpayne the Deep Elf Air Elementalist began the quest for the Orb.
     0 | D:1      | Reached XP level 1. HP: 10/10 MP: 6/6
   442 | D:1      | Reached XP level 2. HP: 15/15 MP: 6/8
  1126 | D:2      | Found a sacrificial altar of Ru.
  1141 | D:2      | Reached XP level 3. HP: 19/19 MP: 8/10
  1772 | D:2      | Noticed Natasha
  1775 | D:2      | Reached XP level 4. HP: 21/24 MP: 8/11
  1779 | D:2      | Reached skill level 1 in Short Blades
  1782 | D:2      | Reached skill level 1 in Throwing
  1784 | D:2      | Killed Natasha
  1784 | D:2      | Reached skill level 4 in Spellcasting
  2109 | D:2      | Noticed Natasha
  2113 | D:2      | Killed Natasha
  2113 | D:2      | Reached XP level 5. HP: 24/28 MP: 8/13
  2126 | D:2      | Noticed Natasha
  2129 | D:2      | Killed Natasha
  2209 | D:3      | Learned a level 2 spell: Swiftness
  2212 | D:3      | Learned a level 2 spell: Repel Missiles
  2216 | D:3      | Learned a level 3 spell: Static Discharge
  2606 | D:3      | Noticed aronpayne's ghost (amateur FoFi)
  2629 | D:3      | Slain by aronpayne's ghost

Vault maps used:
D:1:      dpeg_arrival_snail
D:2:      lemuel_crystal_altar, minmay_split_cup_small, uniq_natasha

Skill      XL: |  1  2  3  4 |
---------------+-------------+-----
Conjurations   | 2 |  2.7
Dodging        | 3 |  3.8
Short Blades   | 1 |  1.2
Throwing       | 1 |  1.2
Stealth        | 3 |  3.5
Spellcasting   | 4 |  4.2
Air Magic      | |  3.5

Action                   |  1- 3 |  4- 6 || total
-------------------------+-------+-------++-------
Melee: Dagger            |     2 |     4 ||     6
 Cast: Shock             |    78 |    80 ||   158
  Eat: Chunk             |     2 |     3 ||     5
Armor: Robe              |       |     1 ||     1
Dodge: Dodged            |     5 |    11 ||    16
